[Event "ONJK FGH 1"]
[Site "Enschede, Netherlands"]
[Date "2022.08.10"]
[Round "9.2"]
[White "Oelmeijer, Sjoerd"]
[Black "Terlouw, Frank"]
[Result "1-0"]
[TimeControl "25min + 10sec/move"]
[WhiteElo "743"]
[BlackElo "731"]

1. d4 d6 2. e4 Nf6 3. Nc3 c6 4.
Nf3 Qa5 5. Bd2 Qc7 6. Bd3 e5 7. dxe5 dxe5 8. O-O Be7 9. Bc4 O-O 10. Be3 b6 11. Qe2 Nbd7 12. Rad1 Nc5 13. Bxc5 Bxc5 14. Rd2 b5 15. Bd3 Bb6 16.
Rfd1 Be6 17. Ng5 Bg4 18. Nf3 Rad8 19. h3 Bc8 20. Qe1 a6 21. Be2 Rxd2 22. Rxd2 Qa7 23. Nxe5 Bxf2+ 24. Qxf2 Qxf2+ 25. Kxf2 Bb7 26. Kg1 b4 27. Nd1 Nxe4 28. Rd7 Bc8 29. Rc7 Ng3 30. Bf3 Nf5 31. Nxc6 g6 32. Nxb4 a5 33. Nc6 a4 34.
Ne5 Ba6 35. Ra7 Bb5 36. Ra5 Rb8 37. Ra8 Rf8 38. Rxf8+ Kxf8 39. Nc3 a3 40. bxa3 Ba6 41. Be2 Bxe2 42. Nxe2 Ne7 43. Kf2 Nd5 44.
Kf3 f6 45. Ke4 Nc7 46. Nd7+ Ke7 47. Nc5 Kd6 48. Kd4 Nb5+ 49.
Kc4 Nxa3+ 50. Kb3 Nb1 51.
Ne4+ Ke5 52. N4c3 Nd2+ 53. Kb4 Nf1 54. a4 Kd6 55. a5 f5 56. Kb5 Kc7 57. Nd5+ Kb7 58. c4 Nd2 59. c5 Ne4 60.
c6+ Kc8 61. a6 Nd6+ 62. Kb6 Nc4+ 63. Kc5 f4 64. Kxc4 f3 65. gxf3 g5 66. Kb5 g4 67. hxg4 h5 68. gxh5 Kb8 69.
h6 Ka7 70. h7 Kb8 71. h8=Q+ Ka7 72. Qg7+ Kb8 73. Qb7# 1-0

[Event "ONJK FGH 1"]
[Site "Enschede, Netherlands"]
[Date "2022.08.10"]
[Round "9.3"]
[White "Jongejan, Eviënne"]
[Black "De Wit, Jim"]
[Result "1-0"]
[TimeControl "25min + 10sec/move"]
[WhiteElo "414"]
[BlackElo "889"]

1. e4 c5 2. d3 d6 3. Nf3 Nc6 4. Nc3 Nf6 5. Bd2 Bg4 6. h3 Bh5 7. g4 Bg6 8. Be2 e6 9. Bg5 Be7 10. Bxf6 Bxf6 11. Qd2 Bxc3 12. Qxc3 O-O 13. O-O d5 14.
exd5 exd5 15. Qxc5 Qd7 16. Ne5 Nxe5 17. d4 Nc6 18. c3 b6 19. Qb5 Qc7 20.
Qxd5 Rad8 21. Qc4 Rfe8 22. Bf3 Rd6 23. d5 b5 24. Rfe1 f6 25. Qxb5 Ne7 26. c4 Rdd8 27. Qb4 Bf7 28.
Red1 Qb8 29. Qc3 Ng6 30. Re1 Rxe1+ 31. Rxe1 Ne5 32. b3 Re8 33. Be4 Qc7 34. c5 Rc8 35. Bf5 Rd8 36. d6 Qc6 37.
Qa5 Rf8 38. Be4 Bd5 39. Bxd5+ Qxd5 40. Qxa7 Nf3+ 41. Kf1 Nxe1 42. Kxe1 Rc8 43. Qd7 Qxc5 44. b4 Rc7 45. Qe8# 1-0